 Dungeon Crawl Stone Soup version 0.20.0-15-g7f486f2 (webtiles) character file.

134 roflturtle the Insei (level 4, -4/36 HPs)
             Began as a Draconian Transmuter on June 23, 2017.
             Slain by Grinder (8 damage)
             ... while paralysed by Grinder
             ... on level 3 of the Dungeon.
             The game lasted 00:08:18 (2681 turns).

roflturtle the Insei (Draconian Transmuter)         Turns: 2681, Time: 00:08:18

Health: -4/36      AC:  5    Str: 12    XL:     4   Next: 95%
Magic:  2/7        EV:  2    Int: 13    God:
Gold:   159        SH:  0    Dex: 13    Spells: 1/7 levels left

rFire    . . .     SeeInvis .     - Unarmed
rCold    . . .     Gourm    .   (no shield)
rNeg     . . .     Faith    .   (armour unavailable)
rPois    .         Spirit   .   (helmet restricted)
rElec    .         Reflect  .   (no cloak)
rCorr    .         Harm     .   (no gloves)
MR       .....                  (boots currently unavailable)
Stlth    +.........             (no amulet)
Regen    0.2/turn               (no ring)
MPRegen  0.1/turn               (no ring)

@: paralysed, appendage, very slightly contaminated
A: unfitting armour, talons 3, cold-blooded, AC +5
a: End Transformation


You were on level 3 of the Dungeon.
You were not hungry.
You had grown temporary talons.
You visited 1 branch of the dungeon, and saw 3 of its levels.

You collected 159 gold pieces.

Inventory:

Hand Weapons
 s - a +1 dagger of freezing
 t - a +0 blowgun
Missiles
 a - 30 arrows
 e - 27 poisoned needles
Scrolls
 f - a scroll of enchant weapon {unknown}
 i - a scroll of teleportation {unknown}
 k - 3 scrolls of fog {unknown}
 n - a scroll of remove curse {unknown}
 o - 2 scrolls of identify {unknown}
Potions
 g - a potion of magic {unknown}
 h - a potion of lignification {unknown}
 j - a potion of mutation {unknown}
 l - a potion of haste {unknown}
 q - a potion of heal wounds {unknown}
 r - a potion of ambrosia {unknown}
Books
 b - a book of Changes

   Spells                             Type                      Level
   a - Beastly Appendage              Transmutation                1
   b - Sticks to Snakes               Transmutation                2
   c - Spider Form                    Transmutation/Poison         3
   d - Ice Form                       Ice/Transmutation            4
   e - Blade Hands                    Transmutation                5
Comestibles
 c - 2 bread rations
 m - a meat ration
 p - 3 royal jellies
 u - 5 chunks of flesh


   Skills:
 - Level 2.0 Fighting
 - Level 2.0 Dodging
 - Level 4.1 Unarmed Combat
 - Level 2.0 Spellcasting
 + Level 3.8 Transmutations


You had one spell level left.
You knew the following spells:

 Your Spells              Type           Power        Failure   Level  Hunger
a - Beastly Appendage     Tmut           ##....       5%          1    ##.....
b - Sticks to Snakes      Tmut           ##......     9%          2    ###....
c - Spider Form           Tmut/Pois      #.........   34%         3    ####...


Dungeon Overview and Level Annotations

Branches:
Dungeon (3/15)

Altars:
Kikubaaqudgha
Trog
The Shining One

Annotations:
D:3 Grinder


Innate Abilities, Weirdness & Mutations

Your plain brown scales are hard. (AC +5)
You cannot fit into any form of body armour.
You are cold-blooded and may be slowed by cold attacks.
You have claws for feet.


Message History

Grinder is heavily wounded.
The giant cockroach bites you but does no damage.
Grinder hits you but does no damage.
The goblin shoots a stone.
The stone barely misses you.
You hit Grinder.
Grinder is severely wounded.
The giant cockroach closely misses you. Grinder hits you.
* * * LOW HITPOINT WARNING * * *
You writhe in agony.
* * * LOW HITPOINT WARNING * * *
You feel better.
Grinder looks more healthy.
The giant cockroach bites you but does no damage.
Grinder gestures at you.
You suddenly lose the ability to move!
The giant cockroach bites you.
* * * LOW HITPOINT WARNING * * *
The goblin shoots a stone.
The stone hits you.
* * * LOW HITPOINT WARNING * * *
The giant cockroach bites you but does no damage.
Grinder hits you!
You die...

........###.... ..........#....
..#...# ................ ..#...#
................ .....#
................ +##....+
......(.........
.......##......(5s...<...
.#.....'........@##......
.#.....####.####.....<...
............# #.........
..........######.........
..................g...... ....
......................... ....
.......................... #...
..........................####...
................#####............


You could see Grinder, a giant cockroach and a goblin.

Vanquished Creatures
  3 adders
  4 oozes
  3 worms
  2 dart slugs
  2 leopard geckos
  3 orcs (D:3)
  4 giant cockroaches
  6 goblins
  6 hobgoblins
  12 jackals
  6 kobolds
  3 quokkas (D:3)
  2 ball pythons
  2 bats
  3 frilled lizards (D:1)
  7 rats
68 creatures vanquished.

Notes
Turn   | Place    | Note
-------+----------+-------------------------------------------
     0 | D:1      | roflturtle the Draconian Transmuter began the quest for the Orb.
     0 | D:1      | Reached XP level 1. HP: 16/16 MP: 3/3
   145 | D:1      | Reached XP level 2. HP: 24/24 MP: 3/5
   189 | D:1      | Learned a level 2 spell: Sticks to Snakes
   777 | D:1      | Reached XP level 3. HP: 28/29 MP: 6/6
  1216 | D:2      | Reached skill level 4 in Unarmed Combat
  1224 | D:2      | Learned a level 3 spell: Spider Form
  1359 | D:2      | Found an ancient bone altar of Kikubaaqudgha.
  1576 | D:2      | Reached XP level 4. HP: 19/36 MP: 5/7
  1584 | D:2      | Found a glowing golden altar of the Shining One.
  1589 | D:2      | Found a bloodstained altar of Trog.
  2655 | D:3      | Noticed Grinder
  2670 | D:3      | Paralysed by Grinder for 3 turns
  2680 | D:3      | Paralysed by Grinder for 7 turns
  2681 | D:3      | Slain by Grinder

Skill      XL: |  1  2  3  4 |
---------------+-------------+-----
Dodging        | 2 |  2.0
Fighting       | 2 |  2.0
Unarmed Combat | 4 |  4.1
Transmutations | 3 |  3.8
Spellcasting   | |  2.0

Action                   |  1- 3 |  4- 6 || total
-------------------------+-------+-------++-------
Melee: Unarmed           |   149 |   101 ||   250
       Headbutt          |     5 |     5 ||    10
       Tailslap          |    16 |     7 ||    23
       Kick              |    15 |    18 ||    33
       Punch             |       |     3 ||     3
 Cast: Beastly Appendage |    21 |    12 ||    33
       Spider Form       |       |     1 ||     1
  Use: Potion            |       |     3 ||     3
  Eat: Chunk             |     3 |     4 ||     7
Armor: Skin              |    57 |    29 ||    86
Dodge: Dodged            |   122 |    69 ||   191
